 Dungeon Sprint DCSS version bcrawl-1.20 (webtiles) character file.

Game seed: 11450174152785022718

21608 Freyura the Bludgeoner (level 12, -5/82 HPs)
             Began as a Skeleton Fighter on Jan 20, 2020.
             Was the Champion of Makhleb.
             Slain by Saint Roka
             ... wielding a +4 great sword of electrocution
              (14 damage)
             ... in the Dungeon (Sprint IX: "|||||||||||||||||||||||||||||").
             The game lasted 00:10:54 (1589 turns).

Freyura the Bludgeoner (Skeleton Fighter)           Turns: 1589, Time: 00:10:55

Health: -5/82      AC: 23    Str: 23 (25) XL:     12   Next: 55%
Magic:  0/38       EV: 16    Int:  6      God:    Makhleb [******]
Gold:   1142       SH:  4    Dex: 12      Spells: 11/11 levels left

rFire    . . .     SeeInvis .   i - +7 mace of Variability {chain chaos}
rCold    + . .     Gourm    .   (shield currently unavailable)
rNeg     + + +     Faith    .   n - +0 shadow dragon scales
rPois    ∞         Spirit   +   y - +1 helmet
rElec    .         Reflect  +   (no cloak)
rCorr    .         Harm     .   k - +0 pair of gloves
MR       +....     NoTele   +   t - +0 pair of boots
Stlth    ++++......             x - +4 amulet of reflection
HPRegen  1.23/turn              v - ring of magical power
MPRegen  0.26/turn              w - ring of magical power

@: no status effects
A: no food or potions, cold resistance 1, deterioration 1, negative energy
resistance 3, powered by death 1, torment resistance, unbreathing, magic shield,
sturdy frame 2, spell healing
a: Minor Destruction, Lesser Servant of Makhleb, Major Destruction, Greater
Servant of Makhleb, Renounce Religion


You were in the Dungeon.
You worshipped Makhleb.
Makhleb was exalted by your worship.
You were not hungry.

You visited 1 branch You collected 1879 gold pieces.
You spent 737 gold pieces at shops.

Inventory:

Hand Weapons
 i - the +7 mace of Variability (weapon) {chain chaos}
   (You found it in the Dungeon)

   Each time it hits an enemy it has a different, random effect.
Missiles
 u - 4 throwing nets (quivered) {!f}
Armour
 c - a +0 shield
 k - a +0 pair of gloves (worn)
 n - +0 shadow dragon scales (worn)
 t - a +0 pair of boots (worn)
 y - a +1 helmet (worn)
Jewellery
 v - a ring of magical power (left hand)
 w - a ring of magical power (right hand)
 x - a +4 amulet of reflection (around neck)
Wands
 g - a wand of acid (10)
 o - a wand of clouds (5)
 s - a wand of paralysis (5)
Scrolls
 a - a scroll of fog
 d - 3 scrolls of blinking
 e - 4 scrolls of remove curse
 f - 2 scrolls of amnesia
 p - 4 scrolls of identify
 q - 2 scrolls of enchant weapon
 r - a scroll of fear


   Skills:
 + Level 12.9 Fighting
 * Level 19.8 Maces & Flails
 + Level 14.0 Armour
 + Level 12.6 Dodging
 + Level 15.0 Shields
 + Level 11.3 Invocations


You had 11 spell levels left.
You didn't know any spells.
Your spell library was empty.

Dungeon Overview and Level Annotations

Branches:
Dungeon (1/1)

Altars:
Cheibriados
Dithmenos
Elyvilon
Fedhas
Gozag
Hepliaklqana
Kikubaaqudgha
Lugonu
Makhleb
Nemelex Xobeh
Okawaru
Qazlal
Ru
Sif Muna
Trog
Uskayaw
Vehumet
Wu Jian
Xom
Yredelemnul
Zin
The Shining One
Beogh
Jiyva

Shops:
D (==:

Annotations:
D Saint Roka


Innate Abilities, Weirdness & Mutations

You do not eat or drink.
You are immune to poison.
Your flesh is cold resistant. (rC+)
Your body sometimes deteriorates upon taking damage.
You are immune to negative energy. (rN+++)
You regenerate a little health from kills.
You are immune to unholy pain and torment.
You can survive without breathing.
When hurt, damage is shared between your health and your magic reserves.
Your movements are less encumbered by armour. (ER -4)
Casting spells heals you.


Message History

The arc of chaos hits Saint Roka.
Saint Roka appears unharmed.
Saint Roka is lightly wounded. x2
Saint Roka closely misses you.
You sock Saint Roka!
Saint Roka is poisoned.
Saint Roka is moderately wounded.
You hit Saint Roka.
Saint Roka flickers and vanishes!
Deactivating autopickup; reactivate with Ctrl-A.
You hear something call down the wrath of Beogh upon you.
Beogh smites you!
Your body deteriorates!
You feel weakened.
You closely miss something.
You hear something call down the wrath of Beogh upon you.
Beogh smites you!
* * * LOW HITPOINT WARNING * * *
You closely miss something. You closely miss something. Something hits you!
* * * LOW HITPOINT WARNING * * *
Your body deteriorates!
You feel weakened.
You are electrocuted!!
You die...

▓.............................
▓▓▓▓▓▓▓▓▓▓▓▓▓▓▓▓▓▓▓▓▓▓▓▓▓▓▓▓▓▓
▓.........'.....∩)∩)∩.∩...))).
▓.▓▓▓▓▓▓▓▓▓▓▓▓▓▓▓▓▓▓▓▓▓▓▓▓▓▓▓▓
▓.............................
▓▓▓▓▓▓▓▓▓▓▓▓▓▓▓▓▓▓▓▓▓▓▓▓▓▓▓▓▓▓
▓.........'.........))))..'...
▓.▓▓▓▓▓▓▓▓▓▓▓▓▓▓▓▓▓▓▓▓▓▓▓▓▓▓▓▓
▓..........))@{h)....,,,,,,,,,
▓▓▓▓▓▓▓▓▓▓▓▓▓▓▓▓▓▓▓▓▓*********
*,,,,,,,,,,,,+,,,,,,,,,+,,,,,,
*,****************************
*,,,,,,,,,,,,,,,,,,,,,,,,,,,,,
******************************
*,,,,,,,,,+,,,,,,,,,,,,,,,,,,,
*,****************************
*,,,,,,,,,,,,,,,,,,,,,,,,,,,,,


You could see a warg.

Vanquished Creatures
  A stone giant (D)
  2 ogre magi (D)
  Harold (D)
  A rakshasa (D)
  An ice dragon (D)
  A centaur warrior (D)
  6 two-headed ogres (D)
  A deep troll shaman (D)
  A death yak (D)
  A hell knight (D)
  3 orc knights (D)
  A cyclops (D)
  A wolf spider (D)
  An ugly thing (D)
  A black mamba (D)
  2 gargoyles (D)
  3 komodo dragons (D)
  A kobold demonologist (D)
  3 cane toads (D)
  A yaktaur (D)
  A troll (D)
  A wyvern (D)
  4 yaks (D)
  A vampire (D)
  2 wargs (D)
  2 porcupines (D)
  15 orc warriors (D)
  2 boggarts (D)
  6 wolves (D)
  6 ogres (D)
  4 bullfrogs (D)
  A big kobold (D)
  A killer bee (D)
  A crimson imp (D)
  A hound (D)
  A jelly (D)
  2 orc priests (D)
  An orc wizard (D)
  An iguana (D)
  A worker ant (D)
  An adder (D)
  A shadow imp (D)
  A leopard gecko (D)
  6 orcs (D)
  A bat zombie (D)
  A kobold (D)
  A ball python skeleton (D)
  A frilled lizard (D)
  A leopard gecko skeleton (D)
  2 rats (D)
103 creatures vanquished.

Vanquished Creatures (others)
  A great orb of eyes (D)
1 creature vanquished.

Grand Total: 104 creatures vanquished

Notes
Turn   | Place    | Note
-------+----------+-------------------------------------------
     0 | D        | Freyura the Skeleton Fighter began the quest for the Orb.
     0 | D        | Reached XP level 1. HP: 14/14 MP: 1/1
    13 | D        | Reached skill level 3 in Maces & Flails
    21 | D        | Reached skill level 1 in Dodging
    50 | D        | Noticed a big kobold
    50 | D        | Noticed a hound
    50 | D        | Noticed a jelly
    61 | D        | Killed a jelly
    61 | D        | Reached skill level 5 in Maces & Flails
    61 | D        | Reached XP level 2. HP: 6/20 MP: 0/2
    61 | D        | Reached XP level 3. HP: 8/24 MP: 0/3
    63 | D        | Reached skill level 5 in Shields
    63 | D        | Reached XP level 4. HP: 10/29 MP: 0/4
    74 | D        | Killed a big kobold
    74 | D        | Reached skill level 5 in Fighting
    74 | D        | Reached skill level 7 in Maces & Flails
    74 | D        | Reached skill level 5 in Armour
    74 | D        | Reached XP level 5. HP: 13/35 MP: 1/5
    82 | D        | Found a roughly hewn altar of Beogh.
    82 | D        | Found a snail-covered altar of Cheibriados.
    82 | D        | Found a shadowy altar of Dithmenos.
    82 | D        | Found a white marble altar of Elyvilon.
    82 | D        | Found a blossoming altar of Fedhas.
    82 | D        | Found an opulent altar of Gozag.
    83 | D        | Found a hazy altar of Hepliaklqana.
    84 | D        | Found a viscous altar of Jiyva.
    85 | D        | Found an ancient bone altar of Kikubaaqudgha.
    86 | D        | Found a corrupted altar of Lugonu.
    87 | D        | Found a burning altar of Makhleb.
    88 | D        | Found a sparkling altar of Nemelex Xobeh.
    89 | D        | Found an iron altar of Okawaru.
    90 | D        | Found a stormy altar of Qazlal.
    91 | D        | Found a sacrificial altar of Ru.
    92 | D        | Found a shimmering blue altar of Sif Muna.
    93 | D        | Found a bloodstained altar of Trog.
    94 | D        | Found a hide-covered altar of Uskayaw.
    95 | D        | Found a radiant altar of Vehumet.
    96 | D        | Found an ornate altar of the Wu Jian Council.
    97 | D        | Found a shimmering altar of Xom.
    98 | D        | Found a basalt altar of Yredelemnul.
    99 | D        | Found a glowing silver altar of Zin.
   100 | D        | Found a glowing golden altar of the Shining One.
   109 | D        | Found the +9 sword of Zonguldrok {reap}
   116 | D        | Found the +7 mace of Variability {chain chaos}
   156 | D        | Became a worshipper of Makhleb the Destroyer
   261 | D        | Noticed a troll
   261 | D        | Noticed a cyclops
   261 | D        | Noticed a kobold demonologist
   264 | D        | Killed a kobold demonologist
   264 | D        | Reached skill level 9 in Maces & Flails
   264 | D        | Reached skill level 5 in Dodging
   264 | D        | Gained mutation: You regenerate a little health from kills.
                  | [Skeleton growth]
   264 | D        | Reached XP level 6. HP: 41/42 MP: 5/8
   268 | D        | Killed a cyclops
   268 | D        | Reached skill level 11 in Maces & Flails
   268 | D        | Reached XP level 7. HP: 42/48 MP: 5/10
   270 | D        | Reached * piety under Makhleb
   271 | D        | Killed a troll
   271 | D        | Reached XP level 8. HP: 45/53 MP: 4/11
   276 | D        | Reached ** piety under Makhleb
   276 | D        | Reached skill level 5 in Invocations
   327 | D        | Noticed a purple ugly thing
   327 | D        | Noticed a gargoyle
   331 | D        | Killed a gargoyle
   331 | D        | Reached skill level 12 in Maces & Flails
   337 | D        | Killed a purple ugly thing
   337 | D        | Reached *** piety under Makhleb
   446 | D        | Noticed a komodo dragon
   447 | D        | Reached skill level 13 in Maces & Flails
   447 | D        | Reached skill level 10 in Shields
   449 | D        | Noticed a komodo dragon
   451 | D        | Reached **** piety under Makhleb
   451 | D        | Reached XP level 9. HP: 60/60 MP: 13/13
   464 | D        | Killed a komodo dragon
   464 | D        | Reached ***** piety under Makhleb
   467 | D        | Killed a komodo dragon
   470 | D        | Reached skill level 14 in Maces & Flails
   474 | D        | Reached skill level 10 in Armour
   556 | D        | Noticed a death yak
   556 | D        | Noticed a black mamba
   556 | D        | Noticed a cane toad
   556 | D        | Noticed a komodo dragon
   561 | D        | Noticed a wolf spider
   562 | D        | Noticed a cane toad
   563 | D        | Killed a komodo dragon
   563 | D        | Noticed a cane toad
   568 | D        | Killed a death yak
   568 | D        | Gained mutation: Your movements are less encumbered by
                  | armour. (ER -4) [Skeleton growth]
   568 | D        | Reached XP level 10. HP: 67/67 MP: 10/15
   573 | D        | Killed a cane toad
   573 | D        | Reached skill level 15 in Maces & Flails
   579 | D        | Killed a black mamba
   579 | D        | Reached ****** piety under Makhleb
   583 | D        | Killed a wolf spider
   583 | D        | Reached skill level 10 in Fighting
   586 | D        | Killed a cane toad
   587 | D        | Killed a cane toad
   689 | D        | Reached skill level 10 in Dodging
   785 | D        | Noticed Harold
   798 | D        | Killed Harold
   798 | D        | Reached skill level 16 in Maces & Flails
   866 | D        | Noticed a stone giant
   879 | D        | Killed a stone giant
   879 | D        | Reached XP level 11. HP: 74/74 MP: 7/17
   970 | D        | Noticed an orc knight
   978 | D        | Killed an orc knight
   978 | D        | Reached skill level 17 in Maces & Flails
   980 | D        | Noticed an orc knight
   997 | D        | Killed an orc knight
  1074 | D        | Found Sorchodwe's Book Boutique.
  1074 | D        | Noticed a two-headed ogre
  1074 | D        | Noticed a two-headed ogre
  1074 | D        | Noticed a two-headed ogre
  1074 | D        | Noticed an ogre mage
  1074 | D        | Noticed a two-headed ogre
  1076 | D        | Noticed a two-headed ogre
  1077 | D        | Killed an ogre mage
  1081 | D        | Killed a two-headed ogre
  1085 | D        | Killed a two-headed ogre
  1088 | D        | Killed a two-headed ogre
  1088 | D        | Reached skill level 18 in Maces & Flails
  1088 | D        | Reached skill level 10 in Invocations
  1091 | D        | Killed a two-headed ogre
  1092 | D        | Killed a two-headed ogre
  1093 | D        | Found Neywo's Jewellery Shop.
  1100 | D        | Found Vacas's Jewellery Boutique.
  1104 | D        | Found Naqeivvi's Weapon Shop.
  1107 | D        | Noticed an ogre mage
  1108 | D        | Noticed a two-headed ogre
  1118 | D        | Killed an ogre mage
  1122 | D        | Killed a two-headed ogre
  1122 | D        | Reached XP level 12. HP: 81/81 MP: 16/19
  1174 | D        | Bought an uncursed ring of magical power for 220 gold
                  | pieces
  1174 | D        | Bought an uncursed ring of magical power for 220 gold
                  | pieces
  1174 | D        | Bought a +4 amulet of reflection for 297 gold pieces
  1359 | D        | Got the cursed +1 plate armour "Azigowk" {-Cast rF+ Int+4}
  1408 | D        | Noticed a centaur warrior
  1415 | D        | Noticed an ice dragon
  1420 | D        | Noticed a rakshasa
  1422 | D        | Killed a centaur warrior
  1422 | D        | Reached skill level 19 in Maces & Flails
  1430 | D        | Killed an ice dragon
  1431 | D        | Noticed a great orb of eyes
  1440 | D        | Killed a rakshasa
  1440 | D        | Noticed a deep troll shaman
  1455 | D        | Banished a great orb of eyes
  1456 | D        | Killed a deep troll shaman
  1456 | D        | Reached skill level 15 in Shields
  1573 | D        | Noticed Saint Roka
  1589 | D        | Slain by Saint Roka

Skill      XL: |  1  2  3  4  5  6  7  8  9 10 11 12 |
---------------+-------------------------------------+-----
Maces & Flails | 5 7 9 11 13 14 16 18 19 | 19.8
Dodging        | 2 3 5 6 7 9 10 11 12 | 12.6
Shields        | 4 5 6 7 8 9 10 11 12 14 15 | 15.0
Fighting       | 4 5 6 7 8 9 11 12 | 12.9
Armour         | 4 5 6 7 8 9 10 11 13 14 | 14.0
Invocations    | 3 4 6 7 9 10 11 | 11.3

Action                   |  1- 3 |  4- 6 |  7- 9 | 10-12 || total
-------------------------+-------+-------+-------+-------++-------
Melee: Flail             |    30 |    12 |       |       ||    42
       Great mace        |       |     7 |    59 |   195 ||   261
  Use: Scroll            |       |       |       |     1 ||     1
 Stab: Paralysed         |       |       |       |     5 ||     5
       Petrifying        |       |       |       |     1 ||     1
       Sleeping          |       |       |       |     1 ||     1
Armor: Scale mail        |     9 |     6 |    15 |    26 ||    56
       Shadow dragon sca |       |       |       |    12 ||    12
Dodge: Dodged            |    10 |     7 |    24 |    84 ||   125
Block: Shield            |    10 |     5 |       |       ||    15
       Other             |       |       |       |     2 ||     2
       Reflection        |       |       |       |     1 ||     1
